BSA
NEW ORLEANS LOOTERS @ HENDERSONVILLE HITMEN
05/24/2024
 
TOP OF THE 1ST
New Orleans Looters batting - Pitching for Hendersonville Hitmen : RHP Samuel Émond
Pitching: RHP Samuel Émond
Batting: RHB Francisco Ibarra 0-0: Ball
1-0: Swinging Strike
1-1: Ball
2-1: Foul Ball, location: 2F
2-2: Ground out 6-3 (Groundball, 6)
Batting: LHB José Esparza 0-0: Ball
1-0: Foul Ball, location: 2F
1-1: Foul Ball, location: 2F
1-2: Ball
2-2: Ball
3-2: Foul Ball, location: 2F
3-2: Ground out 4-3 (Groundball, 4)
Batting: RHB Luis Alou 0-0: Ball
1-0: Foul Ball, location: 2F
1-1: Foul Ball, location: 2F
1-2: Hit by Pitch
Batting: SHB Oliver Deleón 0-0: Ball
1-0: Swinging Strike
1-1: Fly out, F5 (Popup, 5F)
Top of the 1st over - 0 run(s), 0 hit(s), 0 error(s), 1 left on base; New Orleans 0 - Hendersonville 0
BOTTOM OF THE 1ST
Hendersonville Hitmen batting - Pitching for New Orleans Looters : RHP Anthony O'Connor
Pitching: RHP Anthony O'Connor
Batting: RHB Carlos García 0-0: Called Strike
0-1: Foul Ball, location: 2F
0-2: Ball
1-2: Ball
2-2: Strikes out looking
Batting: SHB Tony López 0-0: Fly out, F4 (Line Drive, 4)
Batting: RHB Manolo Román 0-0: Ball
1-0: Swinging Strike
1-1: Ball
2-1: SINGLE (Line Drive, 4MD)
Batting: LHB Lorenzo Villa 0-0: Called Strike
0-1: Foul Ball, location: 2F
0-2: Foul Ball, location: 2F
0-2: Ground out 4-3 (Groundball, 4)
Bottom of the 1st over - 0 run(s), 1 hit(s), 0 error(s), 1 left on base; New Orleans 0 - Hendersonville 0
TOP OF THE 2ND
New Orleans Looters batting - Pitching for Hendersonville Hitmen : RHP Samuel Émond
Batting: RHB Stephen Shaw 0-0: Ball
1-0: Ground out 6-3 (Groundball, 6M)
Batting: LHB Fernando Ramos 0-0: Ball
1-0: Foul Ball, location: 2F
1-1: Ball
2-1: Fly out, F7 (Flyball, 78D)
Batting: RHB Jimmy Simon 0-0: Ball
1-0: Called Strike
1-1: Called Strike
1-2: Strikes out swinging
Top of the 2nd over - 0 run(s), 0 hit(s), 0 error(s), 0 left on base; New Orleans 0 - Hendersonville 0
BOTTOM OF THE 2ND
Hendersonville Hitmen batting - Pitching for New Orleans Looters : RHP Anthony O'Connor
Batting: LHB Terry White 0-0: Called Strike
0-1: Ball
1-1: Ball
2-1: Foul Ball, location: 2F
2-2: Ball
3-2: Base on Balls
Batting: SHB David Johnstone 0-0: Ball
1-0: Ball
2-0: Foul Ball, location: 2F
2-1: Foul Ball, location: 2F
2-2: Foul Ball, location: 2F
2-2: Foul Ball, location: 2F
2-2: SINGLE (Line Drive, 9S)
Terry White to second
Runner from 2nd tries for 3rd, OUT!
Batting: LHB Jerry Johnston 0-0: Ball
1-0: Called Strike
1-1: Foul Ball, location: 2F
1-2: Fielders Choice at 2nd, 3-6 (Groundball, 34)
Batting: RHB Junior Vargas 0-0: Fielders Choice at 2nd, 5-4 (Groundball, 56)
Bottom of the 2nd over - 0 run(s), 1 hit(s), 0 error(s), 0 left on base; New Orleans 0 - Hendersonville 0
TOP OF THE 3RD
New Orleans Looters batting - Pitching for Hendersonville Hitmen : RHP Samuel Émond
Batting: LHB Miguel Castillo 0-0: Fly out, F7 (Flyball, 7LS)
Batting: SHB Toshinobu Tanaka 0-0: Called Strike
0-1: Ball
1-1: Fly out, F8 (Flyball, 8LM)
Batting: RHB Francisco Ibarra 0-0: Called Strike
0-1: Swinging Strike
0-2: Ball
1-2: Ball
2-2: Foul Ball, location: 2F
2-2: Fly out, F9 (Line Drive, 9M)
Top of the 3rd over - 0 run(s), 0 hit(s), 0 error(s), 0 left on base; New Orleans 0 - Hendersonville 0
BOTTOM OF THE 3RD
Hendersonville Hitmen batting - Pitching for New Orleans Looters : RHP Anthony O'Connor
Batting: RHB Taylor McFarland 0-0: Swinging Strike
0-1: Called Strike
0-2: Ball
1-2: Ball
2-2: Strikes out looking
Batting: RHB Carlos García 0-0: Ball
1-0: Swinging Strike
1-1: Ground out 6-3 (Groundball, 6)
Batting: SHB Tony López 0-0: Called Strike
0-1: Ground out 4-3 (Groundball, 4)
Bottom of the 3rd over - 0 run(s), 0 hit(s), 0 error(s), 0 left on base; New Orleans 0 - Hendersonville 0
TOP OF THE 4TH
New Orleans Looters batting - Pitching for Hendersonville Hitmen : RHP Samuel Émond
Batting: LHB José Esparza 0-0: Ball
1-0: Ground out 2-3 (Groundball, 2R)
Batting: RHB Luis Alou 0-0: Called Strike
0-1: Swinging Strike
0-2: Ball
1-2: Ball
2-2: Foul Ball, location: 2F
2-2: Ground out 6-3 (Groundball, 6)
Batting: SHB Oliver Deleón 0-0: Swinging Strike
0-1: Ball
1-1: Ball
2-1: SINGLE (Groundball, 34D)
Batting: RHB Stephen Shaw 0-0: Called Strike
0-1: Ball
1-1: Ground out 4-3 (Groundball, 4)
Top of the 4th over - 0 run(s), 1 hit(s), 0 error(s), 1 left on base; New Orleans 0 - Hendersonville 0
BOTTOM OF THE 4TH
Hendersonville Hitmen batting - Pitching for New Orleans Looters : RHP Anthony O'Connor
Batting: RHB Manolo Román 0-0: Called Strike
0-1: Ball
1-1: Swinging Strike
1-2: Ball
2-2: Ball
3-2: Base on Balls
Batting: LHB Lorenzo Villa 0-0: Ball
1-0: Foul Ball, location: 2F
1-1: Ball
Wild Pitch!
Manolo Román to second
2-1: Foul Ball, location: 2F
2-2: Foul Ball, location: 2F
2-2: Ground out 4-3 (Groundball, 4M)
Manolo Román to third
Batting: LHB Terry White 0-0: Swinging Strike
0-1: Ball
1-1: Called Strike
1-2: Foul Ball, location: 2F
1-2: Ball
2-2: Foul Ball, location: 2F
2-2: Ball
3-2: Foul Ball, location: 2F
3-2: Foul Ball, location: 2F
3-2: Strikes out swinging
Batting: SHB David Johnstone 0-0: Ground out 5-3 (Groundball, 5)
Bottom of the 4th over - 0 run(s), 0 hit(s), 0 error(s), 1 left on base; New Orleans 0 - Hendersonville 0
TOP OF THE 5TH
New Orleans Looters batting - Pitching for Hendersonville Hitmen : RHP Samuel Émond
Batting: LHB Fernando Ramos 0-0: Called Strike
0-1: Foul Ball, location: 2F
0-2: Strikes out swinging
Batting: RHB Jimmy Simon 0-0: Swinging Strike
0-1: Ball
1-1: Ground out 5-3 (Groundball, 5S)
Batting: LHB Miguel Castillo 0-0: Ground out 4-3 (Groundball, 4M)
Top of the 5th over - 0 run(s), 0 hit(s), 0 error(s), 0 left on base; New Orleans 0 - Hendersonville 0
BOTTOM OF THE 5TH
Hendersonville Hitmen batting - Pitching for New Orleans Looters : RHP Anthony O'Connor
Batting: LHB Jerry Johnston 0-0: Ball
1-0: Fly out, F8 (Flyball, 8LXD)
Batting: RHB Junior Vargas 0-0: Ball
1-0: Called Strike
1-1: Ball
2-1: Foul Ball, location: 2F
2-2: Foul Ball, location: 2F
2-2: Fly out, F7 (Flyball, 7LMF)
Batting: RHB Taylor McFarland 0-0: Fly out, F8 (Flyball, 8LM)
Bottom of the 5th over - 0 run(s), 0 hit(s), 0 error(s), 0 left on base; New Orleans 0 - Hendersonville 0
TOP OF THE 6TH
New Orleans Looters batting - Pitching for Hendersonville Hitmen : RHP Samuel Émond
Batting: SHB Toshinobu Tanaka 0-0: Foul Ball, location: 2F
0-1: DOUBLE (Line Drive, 7LM)
Batting: RHB Francisco Ibarra 0-0: Swinging Strike
0-1: Ball
1-1: Ball
2-1: Called Strike
2-2: Ball
3-2: Fly out, F9 (Flyball, 89D)
Runner from 2nd tags up, SAFE at 3rd, no throw
Batting: LHB José Esparza 0-0: Hit by Pitch
Batting: RHB Luis Alou 0-0: Called Strike
0-1: Ball
José Esparza is caught stealing 2nd base
1-1: Ball
2-1: Swinging Strike
2-2: Strikes out looking
Top of the 6th over - 0 run(s), 1 hit(s), 0 error(s), 1 left on base; New Orleans 0 - Hendersonville 0
BOTTOM OF THE 6TH
Hendersonville Hitmen batting - Pitching for New Orleans Looters : RHP Anthony O'Connor
Batting: RHB Carlos García 0-0: Ball
1-0: Ball
2-0: Fly out, F9 (Flyball, 9D)
Batting: SHB Tony López 0-0: Ball
1-0: Called Strike
1-1: Fly out, F8 (Flyball, 8RM)
Batting: RHB Manolo Román 0-0: Called Strike
0-1: Ground out 5-3 (Groundball, 5)
Bottom of the 6th over - 0 run(s), 0 hit(s), 0 error(s), 0 left on base; New Orleans 0 - Hendersonville 0
TOP OF THE 7TH
New Orleans Looters batting - Pitching for Hendersonville Hitmen : RHP Samuel Émond
Batting: SHB Oliver Deleón 0-0: Ball
1-0: Called Strike
1-1: Foul Ball, location: 2F
1-2: Foul Ball, location: 2F
1-2: Ball
2-2: Foul Ball, location: 2F
2-2: Ball
3-2: Base on Balls
Pitching: RHP Héctor Reyes
Batting: RHB Stephen Shaw 0-0: Swinging Strike
0-1: Foul Ball, location: 2F
0-2: Strikes out swinging
Batting: LHB Fernando Ramos 0-0: Called Strike
0-1: Ball
1-1: Ball
2-1: Foul Ball, location: 2F
2-2: Ball
3-2: Strikes out swinging
Batting: RHB Jimmy Simon 0-0: Called Strike
0-1: Ball
Wild Pitch!
Oliver Deleón to second
1-1: Swinging Strike
1-2: Ball
2-2: Strikes out looking
Top of the 7th over - 0 run(s), 0 hit(s), 0 error(s), 1 left on base; New Orleans 0 - Hendersonville 0
BOTTOM OF THE 7TH
Hendersonville Hitmen batting - Pitching for New Orleans Looters : RHP Anthony O'Connor
Pitching: RHP Ienobu Sato
Batting: LHB Lorenzo Villa 0-0: Called Strike
0-1: Called Strike
0-2: Ball
1-2: Foul Ball, location: 2F
1-2: Fly out, F6 (Popup, 6D)
Batting: LHB Terry White 0-0: Ball
1-0: Ball
2-0: Ball
3-0: Base on Balls
Batting: SHB David Johnstone 0-0: Fly out, F5 (Popup, 5F)
Batting: LHB Jerry Johnston 0-0: Foul Ball, location: 2F
0-1: Ball
1-1: Swinging Strike
1-2: Strikes out swinging
Bottom of the 7th over - 0 run(s), 0 hit(s), 0 error(s), 1 left on base; New Orleans 0 - Hendersonville 0
TOP OF THE 8TH
New Orleans Looters batting - Pitching for Hendersonville Hitmen : RHP Héctor Reyes
Batting: LHB Miguel Castillo 0-0: Ball
1-0: Called Strike
1-1: Ball
2-1: Ground out U3 (Groundball, 3)
Batting: SHB Toshinobu Tanaka 0-0: Foul Ball, location: 2F
0-1: Ball
1-1: Called Strike
1-2: SINGLE (Groundball, 34D)
Pitching: RHP Robinson Gonzáles
Batting: RHB Francisco Ibarra 0-0: Called Strike
0-1: Called Strike
0-2: Ground out 5-3 (Groundball, 5)
Toshinobu Tanaka to second
Batting: LHB José Esparza 0-0: Swinging Strike
0-1: Foul Ball, location: 2F
0-2: Ball
1-2: Strikes out looking
Top of the 8th over - 0 run(s), 1 hit(s), 0 error(s), 1 left on base; New Orleans 0 - Hendersonville 0
BOTTOM OF THE 8TH
Hendersonville Hitmen batting - Pitching for New Orleans Looters : RHP Ienobu Sato
Pinch Hitting: LHB José Flores 0-0: Ball
1-0: Ball
2-0: Ball
3-0: Base on Balls
Pinch Hitting: RHB Robert Buckley 0-0: Bunted foul
0-1: Ball
1-1: Sac Bunt - play at first, batter OUT! 5-4
José Flores to second
Batting: RHB Carlos García 0-0: Ball
1-0: Ball
2-0: Called Strike
2-1: Ball
3-1: Base on Balls
Batting: SHB Tony López 0-0: Ball
1-0: Ball
2-0: Ball
3-0: Ground out 4-3 (Groundball, 13)
José Flores to third
Carlos García to second
Batting: RHB Manolo Román 0-0: Ball
1-0: Ball
2-0: Fly out, F8 (Flyball, 8RM)
Bottom of the 8th over - 0 run(s), 0 hit(s), 0 error(s), 2 left on base; New Orleans 0 - Hendersonville 0
TOP OF THE 9TH
New Orleans Looters batting - Pitching for Hendersonville Hitmen : RHP Robinson Gonzáles
Pitching: RHP Edward Cadle
Now at 2B: Robert Buckley
Now at SS: Enrique Aguilar
Batting: RHB Luis Alou 0-0: Called Strike
0-1: Foul Ball, location: 2F
0-2: Ball
1-2: Foul Ball, location: 2F
1-2: Strikes out swinging
Batting: SHB Oliver Deleón 0-0: Called Strike
0-1: Called Strike
0-2: Ball
1-2: Ground out 6-3 (Groundball, 6)
Batting: RHB Stephen Shaw 0-0: Ball
1-0: Ball
2-0: Foul Ball, location: 2F
2-1: Foul Ball, location: 2F
2-2: Foul Ball, location: 2F
2-2: Foul Ball, location: 2F
2-2: Foul Ball, location: 2F
2-2: Foul Ball, location: 2F
2-2: Ball
3-2: SINGLE (Line Drive, 56)
Batting: LHB Fernando Ramos 0-0: Called Strike
0-1: Foul Ball, location: 2F
0-2: Ball
1-2: Foul Ball, location: 2F
1-2: Foul Ball, location: 2F
1-2: Foul Ball, location: 2F
1-2: Ball
2-2: Foul Ball, location: 2F
2-2: Foul Ball, location: 2F
2-2: Strikes out looking
Top of the 9th over - 0 run(s), 1 hit(s), 0 error(s), 1 left on base; New Orleans 0 - Hendersonville 0
BOTTOM OF THE 9TH
Hendersonville Hitmen batting - Pitching for New Orleans Looters : RHP Ienobu Sato
Batting: LHB Lorenzo Villa 0-0: Foul Ball, location: 2F
0-1: Ball
1-1: Ball
2-1: Ground out 4-3 (Groundball, 4M)
Batting: LHB Terry White 0-0: Swinging Strike
0-1: Ball
1-1: Ball
2-1: Ball
3-1: Called Strike
3-2: Base on Balls
Pitching: LHP Tadao Yoshida
Batting: SHB David Johnstone 0-0: Ball
1-0: Ball
2-0: Foul Ball, location: 2F
2-1: Swinging Strike
2-2: Ball
3-2: Grounds into double play, 6-4-3 (Groundball, 6)
Bottom of the 9th over - 0 run(s), 0 hit(s), 0 error(s), 0 left on base; New Orleans 0 - Hendersonville 0
TOP OF THE 10TH
New Orleans Looters batting - Pitching for Hendersonville Hitmen : RHP Edward Cadle
Batting: RHB Jimmy Simon 0-0: Fly out, F9 (Flyball, 9LM)
Batting: LHB Miguel Castillo 0-0: Ball
1-0: Called Strike
1-1: Foul Ball, location: 2F
1-2: SINGLE (Groundball, 34D)
Batting: SHB Toshinobu Tanaka 0-0: Ball
1-0: Ball
2-0: Ball
3-0: Called Strike
3-1: Fielders Choice at 2nd, 4-6 (Groundball, 4)
Pitching: RHP Francisco Carrasco
Batting: RHB Francisco Ibarra 0-0: Called Strike
Toshinobu Tanaka is caught stealing 2nd base
Top of the 10th over - 0 run(s), 1 hit(s), 0 error(s), 0 left on base; New Orleans 0 - Hendersonville 0
BOTTOM OF THE 10TH
Hendersonville Hitmen batting - Pitching for New Orleans Looters : LHP Tadao Yoshida
Batting: LHB Jerry Johnston 0-0: Ball
1-0: Ball
2-0: Called Strike
2-1: Ball
3-1: Called Strike
3-2: Strikes out looking
Batting: RHB Enrique Aguilar 0-0: Ground out 6-3 (Groundball, 6)
Batting: RHB Robert Buckley 0-0: Ball
1-0: Ball
2-0: Ground out 4-3 (Groundball, 13)
Bottom of the 10th over - 0 run(s), 0 hit(s), 0 error(s), 0 left on base; New Orleans 0 - Hendersonville 0
TOP OF THE 11TH
New Orleans Looters batting - Pitching for Hendersonville Hitmen : RHP Francisco Carrasco
Batting: RHB Francisco Ibarra 0-0: Ball
1-0: Ball
2-0: Swinging Strike
2-1: Foul Ball, location: 2F
2-2: Ball
3-2: SINGLE (Line Drive, 56D)
Batting: LHB José Esparza 0-0: Ball
1-0: Sac Bunt - play at first, batter OUT! U3
Francisco Ibarra to second
Batting: RHB Luis Alou 0-0: Ball
1-0: Foul Ball, location: 2F
1-1: Ball
2-1: Ground out 4-3 (Groundball, 4)
Francisco Ibarra to third
Batting: SHB Oliver Deleón 0-0: Ball
1-0: Ball
2-0: Foul Ball, location: 2F
2-1: SINGLE (Line Drive, 56D)
Francisco Ibarra scores
Batting: RHB Stephen Shaw 0-0: Called Strike
0-1: Swinging Strike
0-2: Strikes out swinging
Top of the 11th over - 1 run(s), 2 hit(s), 0 error(s), 1 left on base; New Orleans 1 - Hendersonville 0
BOTTOM OF THE 11TH
Hendersonville Hitmen batting - Pitching for New Orleans Looters : LHP Tadao Yoshida
Pitching: LHP Juan Méndez
Now at C: Dominic Turner
Batting: RHB Carlos García 0-0: Called Strike
0-1: Ball
1-1: Swinging Strike
1-2: Strikes out swinging
Batting: SHB Tony López 0-0: Called Strike
0-1: Swinging Strike
0-2: Ball
1-2: Strikes out swinging
Batting: RHB Manolo Román 0-0: Ball
1-0: Foul Ball, location: 2F
1-1: Ball
2-1: Swinging Strike
2-2: Ball
3-2: Ground out 6-3 (Groundball, 6)
Bottom of the 11th over - 0 run(s), 0 hit(s), 0 error(s), 0 left on base; New Orleans 1 - Hendersonville 0
This league is powered by Out of the Park Baseball, the baseball management simulation game for PC, Mac and Linux
Saturday, April 9th, 2016 - OOTP Baseball 16.8 Build 38